Get step-by-step instructions on how to execute this build order below. Start the game timer, and the build order will tick by so you can play in parallel with StarCraft on a second screen or mobile device.

Game Time

  0:00

Last Step

  N/A

Next Step

Upcoming Step



Don't want to look back and forth between 2 screens? Try out our Overwolf App, the Spawning Tool Build Advisor to get an in-game overlay with this build!

Complete Build Order

  12  0:00  Probe  
  13  0:12  Probe  
  14  0:20  Pylon  
  14  0:24  Probe  
  15  0:38  Probe (Chrono Boost)  
  15  0:42  Gateway  
  16  0:48  Probe (Chrono Boost)  
  17  0:53  Assimilator, Probe (Chrono Boost)  
  18  1:04  Probe  
  19  1:16  Probe  
  20  1:26  Nexus  
  20  1:37  Cybernetics Core  
  20  1:39  Probe  
  21  1:46  Assimilator  
  21  1:52  Probe  
  21  1:54  Pylon  
  22  2:04  Probe  
  23  2:10  Adept (Chrono Boost)  
  23  2:13  Warp Gate  
  25  2:16  Probe  
  26  2:26  Twilight Council  
  26  2:29  Probe (Chrono Boost)  
  27  2:32  Adept  
  29  2:38  Probe (Chrono Boost)  
  29  2:43  Probe (Chrono Boost)  
  31  2:48  Probe (Chrono Boost)  
  31  2:50  Robotics Facility  
  33  2:52  Probe (Chrono Boost)  
  33  2:55  Probe (Chrono Boost)  
  34  3:02  Probe  
  34  3:04  Probe  
  36  3:12  Gateway  
  36  3:15  Probe  
  36  3:16  Probe  
  36  3:19  Dark Shrine  
  39  3:29  Gateway  
  39  3:32  Gateway  
  40  3:36  Warp Prism (Chrono Boost)  
  40  3:41  Probe  
  41  3:43  Probe  
  42  3:49  Assimilator  
  42  3:51  Assimilator  
  42  3:53  Probe  
  42  3:55  Probe  
  44  3:57  Pylon  
  44  4:02  Pylon  
  44  4:06  Probe  
  44  4:07  Probe  
  46  4:18  Probe  
  46  4:19  Probe  
  48  4:32  Dark Templar x3  
  48  4:33  Dark Templar  
  48  4:36  Pylon  
  48  4:37  Archon  
  56  4:43  Archon  
  56  4:47  Nexus  
  56  4:48  Probe x2  
  56  4:52  Observer  
  59  5:05  Dark Templar  
  59  5:06  Dark Templar  
  63  5:07  Zealot x2  
  63  5:15  Probe x2  
  63  5:20  Immortal (Chrono Boost)  
  69  5:28  Probe  
  69  5:31  Nexus  
  69  5:33  Archon  
  70  5:37  Shield Battery  
  70  5:39  Pylon x2  
  70  5:54  Immortal (Chrono Boost)  
  70  5:55  Forge, Charge  
  70  5:57  Stalker, Probe x2  
  70  6:02  Sentry x2  
  82  6:09  Probe (Chrono Boost)  
  83  6:17  Probe (Chrono Boost)  
  84  6:21  Probe (Chrono Boost)  
  85  6:27  Pylon  
  85  6:28  Probe (Chrono Boost)  
  85  6:32  Gateway  
  86  6:34  Protoss Ground Weapons Level 1 (Chrono Boost)  
  86  6:35  Gateway  
  86  6:40  Immortal (Chrono Boost)  
  86  6:44  Probe (Chrono Boost)  
  93  6:47  Probe x2 (Chrono Boost)  
  93  6:49  Stargate  
  93  6:53  Probe (Chrono Boost)  
  94  6:57  Probe x2 (Chrono Boost)  
  96  7:01  Probe (Chrono Boost)  
  96  7:04  Pylon  
  96  7:06  Assimilator  
  96  7:08  Assimilator, Templar Archives  
  99  7:09  Probe x2 (Chrono Boost)  
  99  7:11  Immortal (Chrono Boost)  
  99  7:13  Probe (Chrono Boost)  
  107  7:23  Probe x3 (Chrono Boost)  
  107  7:28  Photon Cannon  
  107  7:30  Probe  
  107  7:35  Phoenix  
  107  7:36  Psionic Storm  
  110  7:43  Gateway  
  110  7:47  Gateway  
  110  7:49  High Templar x2  
  114  7:51  Gateway, Pylon  
  114  7:59  Nexus  
  114  8:02  Pylon  
  114  8:05  Probe x2  
  116  8:08  Photon Cannon, Pylon  
  116  8:09  Pylon  
  116  8:10  Immortal (Chrono Boost)  
  120  8:17  High Templar x2  
  124  8:21  Probe  
  124  8:23  Probe  
  124  8:24  Photon Cannon  
  124  8:26  Shield Battery  
  126  8:34  Protoss Ground Weapons Level 2 (Chrono Boost)  
  126  8:42  Immortal  
  126  8:44  High Templar x2  
  134  8:49  Gateway  
  132  8:56  Zealot x7  
  146  9:03  Probe  
  146  9:07  Gateway  
  146  9:08  Gateway  
  146  9:09  Probe  
  129  9:25  Archon x2  
  129  9:28  Zealot x2  
  129  9:29  Zealot x7  
  133  9:31  Archon  
  133  9:37  Nexus  
  105  9:55  Zealot x6  
  105  9:56  Zealot x3  
  107  10:01  Immortal (Chrono Boost)  
  107  10:15  Photon Cannon  
  107  10:16  High Templar x8  
  107  10:17  High Templar, Shield Battery  
  107  10:18  Zealot  
  107  10:20  Archon x3  
  107  10:21  Archon  
  116  10:44  Zealot  
  98  10:50  Zealot x3  
  98  10:51  Zealot x6